 Dungeon Crawl Stone Soup version 0.29-a0-1027-gcd8c55af63 (webtiles) character file.

Game seed: 7704596921500968655

1391 porpoise the Covert (level 8, -1/51 HPs)
             Began as an Octopode Enchanter on Aug 14, 2022.
             Was an Initiate of Gozag.
             Succumbed to a kobold brigand's curare-tipped dart
             ... on level 6 of the Dungeon.
             The game lasted 00:31:28 (7019 turns).

porpoise the Covert (Octopode Enchanter)            Turns: 7019, Time: 00:31:29

Health: -1/51      AC:  1    Str:  8    XL:     8   Next: 68%
Magic:  14/14      EV: 13    Int: 19    God:    Gozag
Gold:   189        SH:  0    Dex: 12    Spells: 2/15 levels left

rFire   . . .      SeeInvis .   a - +1 dagger (protect)
rCold   . . .      Faith    .   (no shield)
rNeg    . . .      Spirit   .   (helmet restricted)
rPois   .          Reflect  .   (no amulet)
rElec   .          Harm     .   (no ring)
rCorr   .          Rampage  .   (no ring)
Will    .....                   (no ring)
Stlth   +++++.....              (no ring)
HPRegen 0.17/turn               (no ring)
MPRegen 0.14/turn               (no ring)
                                (no ring)
                                (no ring)

@: lethally poisoned (-1 -> -14), hasted, invisible, very quick
A: almost no armour, amphibious, 8 rings, camouflage 1, gelatinous body 1,
(nimble swimmer 1), tentacles
a: Renounce Religion, Potion Petition, Call Merchant, Bribe Branch


You were on level 6 of the Dungeon.
You worshipped Gozag.
Gozag was aware of your devotion.
You visited 2 branches of the dungeon, and saw 7 of its levels.
You also visited: Sewer.

You collected 232 gold pieces.
You paid 43 gold pieces to Gozag.

Inventory:

Hand Weapons
 a - a +1 dagger of protection (weapon)
 b - a +0 sling
 w - a +1 hand axe of venom
 E - a +1 spear of freezing
Missiles
 h - 12 poisoned darts (quivered)
 o - a throwing net
Armour
 D - a +0 kite shield
Jewellery
 t - an amulet of magic regeneration
 v - an amulet of guardian spirit
Wands
 u - a wand of flame (2)
 x - a wand of light (5)
Scrolls
 c - 3 scrolls of fear
 f - 2 scrolls of amnesia
 g - a scroll of identify
 i - 5 scrolls of magic mapping
 j - 3 scrolls of blinking
 l - a scroll of fog
 q - 3 scrolls of poison
Potions
 d - a potion of attraction
 e - a potion of might
 k - 2 potions of mutation
 n - a potion of invisibility
 r - 4 potions of lignification
 z - 3 potions of brilliance
 C - a potion of heal wounds {unknown}
 F - a potion of berserk rage {unknown}
 G - a potion of magic {unknown}


   Skills:
 + Level 2.4 Fighting
 - Level 4.0 Short Blades
 - Level 2.0 Dodging
 - Level 9.0 Stealth
 + Level 4.2 Spellcasting
 - Level 5.0 Hexes
 + Level 4.0 Ice Magic


You had 2 spell levels left.
You knew the following spells:

 Your Spells              Type           Power      Damage    Failure   Level
b - Summon Ice Beast      Ice/Summ       11%        N/A       52%         4
c - Confusing Touch       Hex            23%        N/A       5%          3
h - Ensorcelled Hibernat  Hex/Ice        42%        N/A       3%          2
i - Ice Form              Ice/Tmut       11%        N/A       52%         4

Your spell library contained the following spells:

 Spells                   Type           Power      Damage    Failure   Level
 Slow                     Hex            92%        N/A       1%          1
 Beastly Appendage        Tmut           8%         N/A       14%         1
 Magic Dart               Conj           16%        1d3       14%         1
 Call Imp                 Summ           4%         N/A       21%         2
 Wereblood                Tmut           4%         N/A       21%         2
 Tukima's Dance           Hex            23%        N/A       5%          3
 Frozen Ramparts          Ice            38%        1d6       8%          3
 Dazzling Flash           Conj/Hex       26%        N/A       14%         3
 Mephitic Cloud           Conj/Pois/Air  4%         N/A       38%         3
 Spider Form              Tmut/Pois      4%         N/A       38%         3
 Vampiric Draining        Necr           4%         2d6       38%         3


Dungeon Overview and Level Annotations

Branches:
Dungeon (6/15)             Temple (1/1) D:4           Sewer (visited)

Altars:
Ashenzari
Cheibriados
Dithmenos
Elyvilon
Fedhas
Gozag
Hepliaklqana
Kikubaaqudgha
Nemelex Xobeh
Okawaru
Qazlal
Ru
Sif Muna
Trog
Uskayaw
Vehumet
Wu Jian
Yredelemnul


Innate Abilities, Weirdness & Mutations

You cannot wear most types of armour.
You are amphibious.
You can wear up to eight rings at the same time.
Your skin changes colour to match your surroundings (Stealth+).
Your rubbery body absorbs attacks. (AC +1, EV +1)
((You are camouflaged when in or above water. (Stealth+)))
You have tentacles for arms and can constrict up to eight enemies at once.


Message History

You hit the kobold.
Your weapon exudes an aura of protection.
You kill the kobold!
You feel sick.
The kobold brigand shouts!
The kobold shouts! x3; The howler monkey howls!
An iguana comes into view.
A kobold comes into view. It is wielding a +0 club.
You feel sick.
The howler monkey hoots and howls with incredible vigour!
The kobold throws a stone.
The stone hits you but does no damage.
The kobold throws a stone.
The stone closely misses you.
You hear a shout!
You feel sick.
The kobold throws a stone.
The stone closely misses you.
The kobold brigand throws a curare-tipped dart.
The curare-tipped dart hits you.
You are more poisoned.
You have difficulty breathing.
You feel yourself slow down.
The howler monkey is distracted by your dazzling golden aura.
You feel very sick.
The howler monkey is no longer distracted by gold.
You feel very sick.
The kobold throws a stone.
The stone hits you.
The kobold brigand throws a curare-tipped dart.
The curare-tipped dart hits you.
You are lethally poisoned!
You have difficulty breathing.
* * * LOW HITPOINT WARNING * * *
You feel as though you will be slow longer.
Your magical effects are unravelling.
You feel magically purged.
You feel yourself speed up.
* * * LOW HITPOINT WARNING * * *
You feel extremely sick.
You fade into invisibility!
* * * LOW HITPOINT WARNING * * *
You feel very sick.
Unknown command.
It was a potion of haste.
You feel yourself speed up.
You die...
Your body crumbles into a pile of gold.

.....................#
.....................#
..............(......#
.....................###
.......................#
.......K...............#
.......................#####
........K................... .
.K......K.h@..........^..... ..
.......K.................... ..
.....................####### .#
#.###........#.....######### .#
..........#..............
.#########........#..............
.........#........#..............
.........#........#..............
..(......# #..............


You could see a kobold brigand (unable to see you), a howler monkey (unable to
see you) and 3 kobolds.

Vanquished Creatures
  Prince Ribbit (D:5)
  Sigmund (D:3)
  Menkaure (D:5)
  Edmund (D:4)
  An ice beast (D:6)
  A sky beast (D:6)
  A centaur (D:6)
  3 scorpions
  3 hounds
  A jelly (D:6)
  Crazy Yiuf (D:3)
  Ijyb (D:3)
  Terence (D:3)
  11 adders
  A worm (D:4)
  5 dart slugs
  An orc (D:3)
  14 ball pythons
  2 bats
  11 endoplasms
  5 goblins
  5 hobgoblins
  4 jackals (D:2)
  5 kobolds
  4 quokkas
  9 frilled lizards
  11 rats
105 creatures vanquished.

Vanquished Creatures (others)
  A fungus (D:3)
  19 plants
20 creatures vanquished.

Grand Total: 125 creatures vanquished

Notes
Turn   | Place    | Note
-------+----------+-------------------------------------------
     0 | D:1      | porpoise the Octopode Enchanter began the quest for the
                  | Orb.
     0 | D:1      | Reached XP level 1. HP: 11/11 MP: 3/3
    51 | D:1      | Reached XP level 2. HP: 8/17 MP: 5/5
   957 | D:2      | Reached XP level 3. HP: 21/21 MP: 6/6
  1081 | D:2      | Learned a level 2 spell: Ensorcelled Hibernation
  1085 | D:2      | Learned a level 3 spell: Confusing Touch
  1414 | D:2      | Reached skill level 5 in Stealth
  1514 | D:2      | Reached XP level 4. HP: 24/27 MP: 7/7
  1872 | D:3      | Noticed Sigmund
  1882 | D:3      | Killed Sigmund
  1883 | D:3      | Reached skill level 6 in Stealth
  1883 | D:3      | Reached XP level 5. HP: 31/31 MP: 8/8
  1932 | D:3      | Found a blossoming altar of Fedhas.
  1937 | D:3      | Reached XP level 6. HP: 36/36 MP: 9/9
  2160 | D:3      | Noticed Ijyb
  2180 | D:3      | Killed Ijyb
  2463 | D:3      | Found a faded altar of an unknown god.
  2933 | D:3      | Noticed Terence
  3004 | D:3      | Killed Terence
  3209 | D:3      | Found a runed translucent door.
  3210 | D:3      | Noticed Crazy Yiuf
  3217 | D:3      | Killed Crazy Yiuf
  3403 | D:4      | Found a glowing drain.
  3451 | Sewer    | Entered a sewer
  3462 | Sewer    | Learned a level 4 spell: Ice Form
  3559 | Sewer    | Reached skill level 7 in Stealth
  3581 | Sewer    | Reached skill level 5 in Hexes
  3690 | Sewer    | Reached XP level 7. HP: 41/41 MP: 10/10
  4014 | D:4      | Found an ancient bone altar of Kikubaaqudgha.
  4020 | D:4      | Found a staircase to the Ecumenical Temple.
  4029 | Temple   | Entered the Ecumenical Temple
  4108 | D:4      | You fall into a shaft and drop 1 floor!
  4108 | D:5      | Entered Level 5 of the Dungeon
  4293 | D:4      | Noticed Edmund
  4318 | D:4      | Killed Edmund
  4319 | D:4      | Reached skill level 8 in Stealth
  4319 | D:4      | Reached skill level 1 in Ice Magic
  4672 | D:4      | Found a white marble altar of Elyvilon.
  4958 | D:5      | Noticed Prince Ribbit
  4970 | D:5      | Killed Prince Ribbit
  4971 | D:5      | Reached XP level 8. HP: 10/46 MP: 10/12
  5387 | D:5      | Learned a level 4 spell: Summon Ice Beast
  5394 | D:5      | Noticed Menkaure
  5401 | D:5      | Killed Menkaure
  5402 | D:5      | Reached skill level 9 in Stealth
  5491 | D:5      | Found an opulent altar of Gozag.
  5499 | D:5      | Became a worshipper of Gozag Ym Sagoz the Greedy
  5919 | D:6      | Found an iron altar of Okawaru.
  6390 | D:6      | Reached skill level 1 in Fighting
  7018 | D:6      | HP: 2/51 [poisoned by a kobold brigand (curare-tipped
                  | dart)]
  7019 | D:6      | Succumbed to a kobold brigand's curare-tipped dart

Illustrated notes

Levels and vault maps discovered:
D:1:      tarquinn_simple_flora_water_b, layout_rooms, serial_bayou_lagoon_a
D:2:      layout_basic, serial_bayou_lake_a
D:3:      kb_forest_paths, layout_basic, mainiacjoe_overflow_boulevard,
          nicolae_ecumenical_pavilion, uniq_ijyb, uniq_terence, uniq_sigmund,
          uniq_crazy_yiuf_cottage
D:4:      layout_loops_corners, mainiacjoe_overflow_brackets, elyvilon_altar_5,
          minmay_temple_entry_statues_pillars, gup_sewer_entry_bubbles,
          uniq_edmund
D:5:      layout_loops_corners, nicolae_overflow_crystal_walls, uniq_menkaure,
          uniq_prince_ribbit1
D:6:      layout_basic, okawaru_gym_becter
Temple:   nicolae_temple_ecumenical_triangle

Skill      XL: |  1  2  3  4  5  6  7  8 |
---------------+-------------------------+-----
Short Blades   | 2 3 4 |  4.0
Stealth        | 5 6 7 8 9 |  9.0
Hexes          | 4 5 |  5.0
Ice Magic      | 2 4 |  4.0
Spellcasting   | 3 4 |  4.2
Fighting       | 2 |  2.4
Dodging        | |  2.0

Action                   |  1- 3 |  4- 6 |  7- 9 || total
-------------------------+-------+-------+-------++-------
Melee: Dagger            |    58 |   115 |    94 ||   267
       Tentacles         |    14 |    15 |    15 ||    44
       Constrict         |    10 |    16 |    10 ||    36
       Punch             |       |     2 |     1 ||     3
 Fire: Sling             |       |       |     3 ||     3
Throw: Dart              |     2 |     6 |     2 ||    10
       Throwing net      |       |     1 |       ||     1
 Cast: Ensorcelled Hiber |     2 |       |     3 ||     5
       Confusing Touch   |       |     1 |     1 ||     2
Evoke: Wand              |       |       |    11 ||    11
  Use: Potion            |       |     1 |     3 ||     4
       Scroll            |       |     7 |    11 ||    18
 Stab: Sleeping          |     9 |    27 |    11 ||    47
       Invisible         |       |     2 |       ||     2
       Confused          |       |     1 |     1 ||     2
Armor: Skin              |     6 |    15 |    16 ||    37
Dodge: Dodged            |    36 |    33 |    44 ||   113

Table legend: (Time is in decaauts)
 A = Elapsed time spent in this place.
 B = Non-inter-level travel time spent in this place.
 C = Inter-level travel time spent in this place.
 D = Time resting spent in this place.
 E = Time spent auto-exploring this place.
 F = Levels seen in this place.
 G = Mean time per level.
                   A        B        C        D        E       F      G
               +--------+--------+--------+--------+--------+-----+--------+
         Total |   6962 |   6721 |    241 |   1935 |   3519 |   8 |  870.2 |
       Dungeon |   6602 |   6369 |    233 |   1935 |   3491 |   6 | 1100.3 |
        Temple |     51 |     43 |      8 |      0 |     28 |   1 |   51.0 |
         Sewer |    307 |    307 |      0 |      0 |      0 |   1 |  307.0 |
               +--------+--------+--------+--------+--------+-----+--------+

Top non-repeatable levels by time:
     D:3: 1426 daAuts
     D:4: 1377 daAuts
     D:6: 1060 daAuts
     D:1: 931 daAuts
     D:2: 910 daAuts
     D:5: 896 daAuts
   Sewer: 307 daAuts
  Temple: 51 daAuts
